[Event "*** Titled Tuesday Blitz"]
[Site "Chess.com"]
[Date "2020.01.07"]
[Round "6"]
[White "albi1999"]
[Black "Er_is_geen_hoop_meer"]
[Result "0-1"]
[WhiteElo "2523"]
[BlackElo "2427"]
[TimeControl "180+2"]
[EndTime "14:22:41 PST"]
[Termination "Er_is_geen_hoop_meer won by resignation"]

1. e4 c5 2. Nf3 Nc6 3. Bb5 g6 4. Bxc6 dxc6 5. d3 Bg7 6. h3 Qc7 7. Nc3 e5 8. Be3 b6 9. Qd2 h6 10. a3 Ne7 11. b4 f5 12. exf5 gxf5 13. g3 Nd5 14. bxc5 e4 15. Nxd5 cxd5 16. Nd4 bxc5 17. Nb5 Qc6 18. Rb1 d4 19. Bf4 e3 20. Qa5 Qxh1+ 21. Ke2 Qxb1 22. Nd6+ Ke7 23. Qxc5 Kd7 24. Nxf5 Bf8 25. Qxd4+ Ke8 26. Qe5+ Kf7 27. Nd4 Qb6 28. Qh5+ Kg8 29. Qd5+ Kh7 30. Qe4+ Qg6 31. Qxa8 exf2 32.
Qxc8 Bg7 33. Qd7 Qe8+ 34. Qxe8 Rxe8+ 0-1

[Event "*** Titled Tuesday Blitz"]
[Site "Chess.com"]
[Date "2020.01.07"]
[Round "6"]
[White "GianmarcoVaR"]
[Black "manmanlai1"]
[Result "1-0"]
[WhiteElo "2588"]
[BlackElo "2394"]
[TimeControl "180+2"]
[EndTime "14:22:43 PST"]
[Termination "GianmarcoVaR won by checkmate"]

1. d4 d5 2. c4 e6 3. Nf3 a6 4.
cxd5 exd5 5. Nc3 c6 6. Bg5 Be7 7. Bxe7 Qxe7 8. Qb3 Nf6 9. e3 Bf5 10. Nh4 Be6 11. Bd3 O-O 12. Qc2 Nbd7 13. O-O Rfe8 14. Nf5 Bxf5 15. Bxf5 Nb6 16. Rab1 Nc4 17. Rfe1 Nd6 18. Bd3 Nfe4 19. f3 Nxc3 20. bxc3 g6 21. e4 dxe4 22. fxe4 b5 23. e5 Nc8 24. Be4 Qd7 25. Re3 Nb6 26. Rh3 Nd5 27. Rf1 Qe7 28. Qd2 f5 29. exf6 Nxf6 30. Bxc6 Ne4 31. Qh6 Rf8 32. Re1 Qf7 33. Bd5 Qxd5 34. Qxh7# 1-0

[Event "*** Titled Tuesday Blitz"]
[Site "Chess.com"]
[Date "2020.01.07"]
[Round "6"]
[White "CzechmVIII"]
[Black "Olga_Zhuravleva"]
[Result "1-0"]
[WhiteElo "2186"]
[BlackElo "2344"]
[TimeControl "180+2"]
[EndTime "14:22:44 PST"]
[Termination "CzechmVIII won by resignation"]

1. e4 e5 2. Nf3 Nc6 3. Bb5 f5 4. d3 Nf6 5. O-O Bc5 6. exf5 O-O 7. Nxe5 Nd4 8. Ba4 d5 9. b4 Bd6 10. f4 Bxf5 11. c3 Ne6 12. Bb3 c6 13. a3 Qe8 14.
Re1 Qd8 15. Nd2 Bxe5 16. fxe5 Ng4 17. Nf3 Kh8 18. h3 Nh6 19. Bxh6 gxh6 20. Nd4 Nxd4 21.
cxd4 Qh4 22. e6 Qxd4+ 23. Kh1 Rae8 24. Qh5 Bg6 25. Qxh6 Qxd3 26. Bd1 Rf1+ 27. Rxf1 Qxf1+ 28. Kh2 Rxe6 29. Bf3 1-0

[Event "*** Titled Tuesday Blitz"]
[Site "Chess.com"]
[Date "2020.01.07"]
[Round "6"]
[White "Fandorin779"]
[Black "Dhaydon19"]
[Result "0-1"]
[WhiteElo "2343"]
[BlackElo "2694"]
[TimeControl "180+2"]
[EndTime "14:22:47 PST"]
[Termination "Dhaydon19 won by resignation"]

1. e4 c6 2. d4 d5 3. exd5 cxd5 4. Nf3 Nf6 5. Ne5 Nc6 6. Bb5 Bd7 7. Nxd7 Qxd7 8. c3 e6 9. O-O Bd6 10. Re1 O-O 11. Nd2 Rac8 12. g3 a6 13. Bd3 e5 14.
dxe5 Nxe5 15. Bc2 Qh3 16. Nf1 Rfe8 17. Bg5 Nfg4 18. Qxd5 Bc5 19. Be3 Bxe3 20. fxe3 Nc4 21. Bf5 Ncxe3 22. Rxe3 Nxe3 23. Nxe3 Qh6 24. Ng4 Qb6+ 25. Qd4 Qxb2 26. Rf1 Qxc3 27. Qf4 Qc5+ 28. Kg2 Rc6 29. Bd7 Qd5+ 30. Qf3 Rc2+ 31. Kh1 Qxf3+ 32.
Rxf3 Re1+ 0-1

[Event "*** Titled Tuesday Blitz"]
[Site "Chess.com"]
[Date "2020.01.07"]
[Round "6"]
[White "wild_cat99"]
[Black "quesfr"]
[Result "1-0"]
[WhiteElo "2415"]
[BlackElo "2206"]
[TimeControl "180+2"]
[EndTime "14:22:47 PST"]
[Termination "wild_cat99 won by resignation"]

1. e4 e6 2. d4 d5 3. Nd2 c5 4. exd5 Qxd5 5. Ngf3 cxd4 6. Bc4 Qd8 7. O-O Nf6 8. Nb3 Nc6 9. Nbxd4 Nxd4 10. Nxd4 Bc5 11.
Nb5 Qxd1 12. Rxd1 O-O 13. Nc7 Rb8 14. Bf4 e5 15. Bxe5 Bxf2+ 16. Kf1 Bb6 17. Nd5 Nxd5 18. Bxd5 Ra8 19. Rd2 Re8 20. Re1 Re7 21. c4 Be6 22. Bd6 Bxd5 23. Rxe7 Bxc4+ 24. Ke1 Ba6 25. a4 Rd8 26. b4 Bc4 27. a5 Bg1 28. Rxb7 Bxh2 29. Bxh2 1-0

[Event "*** Titled Tuesday Blitz"]
[Site "Chess.com"]
[Date "2020.01.07"]
[Round "6"]
[White "TheBigBoss04"]
[Black "ValeriyGrinev"]
[Result "1-0"]
[WhiteElo "2731"]
[BlackElo "2551"]
[TimeControl "180+2"]
[EndTime "14:22:48 PST"]
[Termination "TheBigBoss04 won by resignation"]

1. b3 e5 2. Bb2 Nc6 3. e3 Nf6 4. c4 d5 5. cxd5 Nxd5 6. Bb5 Bd6 7. Nf3 Qf6 8. d4 exd4 9. Nxd4 Ne7 10. Nd2 Bd7 11. O-O Qg6 12. Nc4 O-O 13. Nxd6 Qxd6 14. Nxc6 Bxc6 15. Qxd6 cxd6 16. Bd3 Nd5 17. Rac1 Nb4 18.
Bb1 Bb5 19. Rfd1 Rfd8 20. a3 Nc6 21. a4 Ba6 22. Be4 Rac8 23. h4 Nb4 24. Ba3 Rxc1 25.
Rxc1 Nd3 26. Rd1 Ne5 27. Rxd6 Rc8 28. Bb2 f6 29. Bxe5 fxe5 30. Re6 Rc3 31. Rxe5 Kf8 32. Bxh7 Rxb3 33. Bg6 1-0

[Event "*** Titled Tuesday Blitz"]
[Site "Chess.com"]
[Date "2020.01.07"]
[Round "6"]
[White "2165149677570"]
[Black "TypeThreeWaffles"]
[Result "1-0"]
[WhiteElo "2295"]
[BlackElo "2448"]
[TimeControl "180+2"]
[EndTime "14:22:49 PST"]
[Termination "2165149677570 won by resignation"]

1. e4 e5 2. Nf3 Nc6 3. Bb5 Nf6 4. O-O Nxe4 5. Re1 Nd6 6. Nxe5 Nxe5 7. Rxe5+ Be7 8. Bf1 O-O 9. d4 Bf6 10. Re2 Nf5 11. c3 d5 12. Bf4 Nd6 13. Nd2 Bg4 14.
f3 Bf5 15. Be5 Be7 16. Qe1 Re8 17. Qf2 f6 18. Bg3 c6 19. Rae1 Qd7 20. Nb3 b6 21.
Re3 Nc4 22. Bxc4 dxc4 23. Nd2 Bd3 24. Ne4 Bf8 25. Qd2 Re6 26. Nc5 bxc5 27. Rxe6 cxd4 28. cxd4 Qxd4+ 29. Bf2 Qd5 30. Re8 Rxe8 31. Rxe8 Kf7 32. Ra8 Bc5 33. Bxc5 Qxc5+ 34. Qf2 Qg5 35. Rxa7+ Kf8 36.
h4 Qc1+ 37. Kh2 h5 38. Qc5+ Kg8 39. Ra8+ Kf7 40. Qxh5+ Bg6 41. Ra7+ Kf8 42. Qxg6 Qf4+ 43. Qg3 1-0

[Event "*** Titled Tuesday Blitz"]
[Site "Chess.com"]
[Date "2020.01.07"]
[Round "6"]
[White "Lifeek"]
[Black "FrogMist"]
[Result "1-0"]
[WhiteElo "2249"]
[BlackElo "2398"]
[TimeControl "180+2"]
[EndTime "14:22:53 PST"]
[Termination "Lifeek won by checkmate"]

1. e4 e5 2. Nf3 Nc6 3. Bc4 g6 4. O-O Bg7 5. c3 Nge7 6. d4 d6 7. h3 O-O 8. Be3 exd4 9. Nxd4 Nxd4 10. Bxd4 Nc6 11. Bxg7 Kxg7 12. Nd2 Bd7 13. Qc2 Qf6 14. Rae1 Rae8 15. f4 Qh4 16. Re2 f5 17. exf5 Bxf5 18. Qb3 Na5 19. Qb5 Nxc4 20. Qxc4 d5 21. Qb5 c6 22.
Qxb7+ Rf7 23. Qa6 Bc8 24. Qd3 Bf5 25. Qd4+ Kf8 26. Qh8# 1-0

[Event "*** Titled Tuesday Blitz"]
[Site "Chess.com"]
[Date "2020.01.07"]
[Round "6"]
[White "otrov-11"]
[Black "enzovsky"]
[Result "1-0"]
[WhiteElo "2433"]
[BlackElo "2256"]
[TimeControl "180+2"]
[EndTime "14:22:57 PST"]
[Termination "otrov-11 won by resignation"]

1. d4 Nf6 2. g3 g6 3. Bg2 d5 4.
c4 c6 5. Nf3 Bg7 6. O-O O-O 7.
Nbd2 Ne4 8. e3 Bf5 9. Nh4 Nxd2 10. Qxd2 Be6 11. cxd5 Bxd5 12. e4 Bc4 13. Rd1 Nd7 14. Qc2 Ba6 15. Be3 Rc8 16. Rac1 Qa5 17. a3 Rfd8 18. Nf3 Qh5 19. h4 b6 20. Ng5 Nf6 21.
Bf3 Ng4 22. Qa4 Bb5 23. Qxa7 h6 24. Nh3 e5 25. dxe5 Bxe5 26. Qxb6 Rxd1+ 27. Rxd1 Bxb2 28. Rd8+ Rxd8 29. Qxd8+ Kh7 30. Nf4 Qe5 31. Bxg4 Qxe4 32. Qd7 Bc4 33. h5 g5 34. Bf5+ 1-0

[Event "*** Titled Tuesday Blitz"]
[Site "Chess.com"]
[Date "2020.01.07"]
[Round "6"]
[White "Atakishiyev04"]
[Black "FairChess_on_YouTube"]
[Result "1/2-1/2"]
[WhiteElo "2740"]
[BlackElo "2988"]
[TimeControl "180+2"]
[EndTime "14:22:59 PST"]
[Termination "Game drawn by repetition"]

1. d4 g6 2. c4 d6 3. Nc3 e5 4. Nf3 Nd7 5. g3 Bg7 6. Bg2 Ne7 7. O-O O-O 8. Bg5 h6 9. Be3 Nf5 10. Qd2 Nxe3 11. Qxe3 Re8 12. dxe5 Nxe5 13. Nxe5 Rxe5 14.
Qd2 c6 15. Rad1 Re8 16. Qxd6 Qxd6 17. Rxd6 Be6 18. Rfd1 Be5 19. R6d2 Bxc4 20. Ne4 Bxa2 21. Nc5 b6 22. b3 bxc5 23. Rxa2 Re7 24. Ra6 Rb8 25.
Rxc6 Rxb3 26. Rxc5 Ra3 27. e3 a5 28. Bc6 Kg7 29.
Kg2 Bf6 30. h4 Ra7 31. Rd7 Rxd7 32. Bxd7 Be7 33. Rc6 Ra2 34. Ra6 Bb4 35. Kf1 Ra1+ 36.
Kg2 Ra2 37. Kf1 Rc2 38. Bb5 Rc7 39. Bd3 h5 40. Ke2 Kf8 41. Bb5 Rc2+ 42. Kf1 Rc7 43. Ke2 Ke7 44. Bc6 Bc3 45. Bd5 Bb4 46. Bc6 Kf8 47. Bb5 1/2-1/2

[Event "*** Titled Tuesday Blitz"]
[Site "Chess.com"]
[Date "2020.01.07"]
[Round "6"]
[White "Proteuo"]
[Black "boasovietica"]
[Result "1-0"]
[WhiteElo "2344"]
[BlackElo "2472"]
[TimeControl "180+2"]
[EndTime "14:22:59 PST"]
[Termination "Proteuo won by checkmate"]

1. e4 e5 2. Nf3 Nc6 3. Bb5 a6 4. Ba4 Nf6 5. O-O Be7 6. Re1 b5 7. Bb3 d6 8. c3 O-O 9. h3 Bb7 10.
d3 Nd7 11. Nbd2 Nc5 12. Bc2 Ne6 13. Nf1 Ng5 14. Ng3 Nxf3+ 15. Qxf3 Bg5 16. Nf5 Bxc1 17. Raxc1 Qf6 18. Kh2 Rfe8 19. Rg1 g6 20. Nh6+ Kg7 21. Qxf6+ Kxf6 22. Ng4+ Kg7 23. Ne3 Ne7 24. g4 d5 25.
Rcf1 Rad8 26. f4 dxe4 27. dxe4 exf4 28. Rxf4 Rd2+ 29. Kg3 Nc6 30. Bb3 Ne5 31. Rgf1 Rd3 32.
Kf2 Re7 33. Ke2 Rd6 34. g5 Nd3 35. Rxf7+ Rxf7 36. Rxf7+ Kh8 37. Rf8+ Kg7 38. Rg8# 1-0

[Event "*** Titled Tuesday Blitz"]
[Site "Chess.com"]
[Date "2020.01.07"]
[Round "6"]
[White "Zq1"]
[Black "kasparicy"]
[Result "1-0"]
[WhiteElo "2523"]
[BlackElo "2319"]
[TimeControl "180+2"]
[EndTime "14:23:02 PST"]
[Termination "Zq1 won by resignation"]

1. d4 Nf6 2. c4 g6 3. Nc3 d5 4.
Nf3 Bg7 5. cxd5 Nxd5 6. Bd2 O-O 7. Rc1 c5 8. dxc5 Na6 9. e4 Nf6 10. Bxa6 bxa6 11. O-O Bb7 12. Qe2 Rc8 13. b4 a5 14.
a3 axb4 15. axb4 a5 16. bxa5 Rxc5 17. a6 Ba8 18. Rfd1 Qc8 19. Na4 Rxc1 20. Rxc1 Qb8 21. e5 Nd5 22. Nc5 Qa7 23. e6 f5 24. Ne5 Rc8 25. Ned7 Bd4 26. Qc4 Bg7 27. h4 Nb6 28. Nxb6 Qxb6 29. Nd7 Qc6 30. Qxc6 Rxc6 31. Rxc6 Bxc6 32.
Be3 f4 33. Bxf4 Bd4 34. Be3 Bxe3 1-0

[Event "*** Titled Tuesday Blitz"]
[Site "Chess.com"]
[Date "2020.01.07"]
[Round "6"]
[White "BeanScreen"]
[Black "BjarkeSahl"]
[Result "0-1"]
[WhiteElo "2389"]
[BlackElo "2212"]
[TimeControl "180+2"]
[EndTime "14:23:02 PST"]
[Termination "BjarkeSahl won by resignation"]

1. e4 c5 2. Nf3 Nc6 3. Nc3 Nf6 4. Bb5 Nd4 5. e5 Nxb5 6. Nxb5 Nd5 7. Ng5 f5 8. e6 dxe6 9. Qe2 Qb6 10. c4 Nb4 11. d4 a6 12. dxc5 Qxc5 13. Be3 Qc6 14. Nd4 Qxg2 15. O-O-O Nc6 16. Ndxe6 Bxe6 17. Nxe6 Rc8 18.
Ng5 Ne5 19. Bd4 Nxc4 20. Kb1 Rc6 21. Rc1 Qd5 22. Bc3 h6 23. Qh5+ g6 24. Qxg6+ Rxg6 0-1

[Event "*** Titled Tuesday Blitz"]
[Site "Chess.com"]
[Date "2020.01.07"]
[Round "6"]
[White "Genghis_K"]
[Black "jefferyx"]
[Result "1-0"]
[WhiteElo "2916"]
[BlackElo "2912"]
[TimeControl "180+2"]
[EndTime "14:23:03 PST"]
[Termination "Genghis_K won by resignation"]

1. Nf3 d5 2. d4 Nf6 3. Bf4 e6 4. e3 c5 5. Nbd2 Nbd7 6. c3 Be7 7. Bd3 O-O 8. h4 Qb6 9. Rb1 Bd6 10. Ne5 Qc7 11. Ndf3 cxd4 12. cxd4 Ne4 13. O-O f6 14. Rc1 Qb8 15. Nxd7 Bxd7 16. Bxd6 Qxd6 17. Bxe4 dxe4 18. Nd2 Bc6 19. Nc4 Qe7 20. Qg4 Bd5 21. Rc3 b5 22. Nd2 Rac8 23. Rfc1 Qb7 24. h5 Rxc3 25. Rxc3 Rc8 26.
Rc5 Rxc5 27. dxc5 b4 28. h6 g6 29. Qf4 Kf7 30. Qd6 Qc6 31. Qb8 Qxc5 32. Qh8 Qc1+ 33. Kh2 Qc7+ 34. g3 Qe5 35. Qxh7+ Kf8 36. Qg7+ 1-0

[Event "*** Titled Tuesday Blitz"]
[Site "Chess.com"]
[Date "2020.01.07"]
[Round "6"]
[White "Caisachess"]
[Black "CM_Perligero"]
[Result "1-0"]
[WhiteElo "2370"]
[BlackElo "2098"]
[TimeControl "180+2"]
[EndTime "14:23:11 PST"]
[Termination "Caisachess won on time"]

1. e4 c6 2. Nc3 d6 3. d4 g6 4. Be3 Bg7 5. Qd2 Nf6 6. h3 Nbd7 7. a4 a5 8. Nf3 O-O 9. Be2 Qc7 10. O-O e5 11. Rad1 Nh5 12. Nh2 exd4 13. Bxd4 Nhf6 14.
f4 Re8 15. Bf3 Nc5 16. Rfe1 Qb6 17. b3 Be6 18. Qf2 Rad8 19. e5 Nd5 20. Nxd5 Bxd5 21.
Bxd5 cxd5 22. exd6 Bxd4 23. Qxd4 Rxe1+ 24. Rxe1 Qxd6 25. Nf3 Ne4 26. Rd1 Qxf4 27. Rf1 Qg3 28. Ne5 Ng5 29. Kh1 f6 30. Nd3 Ne4 31. c4 Qh4 32. Kg1 1-0

[Event "*** Titled Tuesday Blitz"]
[Site "Chess.com"]
[Date "2020.01.07"]
[Round "6"]
[White "Philosopherrr"]
[Black "Mikhail_Golubev"]
[Result "1-0"]
[WhiteElo "2466"]
[BlackElo "2587"]
[TimeControl "180+2"]
[EndTime "14:23:13 PST"]
[Termination "Philosopherrr won on time"]

1. e4 c5 2. Nf3 d6 3. Bb5+ Bd7 4. Bxd7+ Qxd7 5. O-O Nf6 6. Qe2 e6 7. c3 Nc6 8. Re1 Be7 9. d3 O-O 10. Nbd2 Rfe8 11. Nf1 b5 12. Ng3 b4 13. d4 bxc3 14.
bxc3 cxd4 15. cxd4 d5 16. e5 Ne4 17. Nxe4 dxe4 18. Qxe4 Bb4 19. Rd1 Bc3 20. Rb1 h6 21. Qg4 Kh8 22. Rb3 Bb4 23. d5 Bf8 24. Bf4 Red8 25. d6 a5 26. h4 Nb4 27. a3 Nd5 28. Bg3 Qc6 29. Rdb1 Kg8 30. Qe4 a4 31. Rb7 Qc5 32.
Qd3 f5 33. Nd4 f4 34. Nxe6 1-0

[Event "*** Titled Tuesday Blitz"]
[Site "Chess.com"]
[Date "2020.01.07"]
[Round "6"]
[White "ExploringChess"]
[Black "JonahWillow"]
[Result "1-0"]
[WhiteElo "2613"]
[BlackElo "2786"]
[TimeControl "180+2"]
[EndTime "14:23:24 PST"]
[Termination "ExploringChess won by checkmate"]

1. e4 c5 2. Nf3 Nc6 3. Bb5 g6 4. Bxc6 dxc6 5. h3 Bg7 6. d3 e5 7. Nc3 Ne7 8. Be3 b6 9. Qd2 h6 10. O-O-O Be6 11. Kb1 Qd7 12. Nh2 O-O-O 13. f4 f5 14.
fxe5 Bxe5 15. Nf3 Bg7 16. Bf4 g5 17. Be5 Ng6 18. Bxg7 Qxg7 19. exf5 Bxf5 20. Rhe1 Rhe8 21. Qf2 Qd7 22. h4 g4 23. Nd2 Rf8 24. Qe3 Nxh4 25. Rh1 Rde8 26. Qg3 Ng6 27. Rxh6 Qc7 28. Nde4 Qxg3 29.
Nxg3 Nf4 30. Nxf5 Rxf5 31. Ne4 Rd5 32. Nd6+ Rxd6 33. Rxd6 Nxg2 34. Rxc6+ Kb7 35. Rg6 Ne3 36. Re1 Rf8 37. a3 Rf3 38. Rg1 Rf2 39. c4 Ka6 40.
Re1 Rf3 41. b4 Kb7 42. Rg7+ Kc6 43. Re7 Nf5 44. R1e6+ Nd6 45. b5# 1-0

[Event "*** Titled Tuesday Blitz"]
[Site "Chess.com"]
[Date "2020.01.07"]
[Round "6"]
[White "TwentyHoursADay"]
[Black "Irishchessman16"]
[Result "0-1"]
[WhiteElo "2381"]
[BlackElo "2226"]
[TimeControl "180+2"]
[EndTime "14:23:24 PST"]
[Termination "Irishchessman16 won on time"]

1. c4 b6 2. d4 Bb7 3. Nc3 e6 4. a3 Nf6 5. d5 Bc5 6. g3 exd5 7.
cxd5 O-O 8. Bg2 Re8 9. Nh3 c6 10. Nf4 cxd5 11. Ncxd5 Nxd5 12. Nxd5 Nc6 13. O-O Nd4 14.
e3 Ne6 15. b4 Bf8 16. Bb2 Rb8 17. Qg4 Bxd5 18. Bxd5 g6 19. e4 Bg7 20. e5 a5 21. Rad1 axb4 22. axb4 Qe7 23. Rfe1 Rec8 24. Bb3 Bf8 25. h4 Rc7 26. b5 Qb4 27. Qxb4 Bxb4 28. Re3 h5 29. Kg2 Ra8 30. Bd5 Ra5 31. Rb3 Be7 32.
Bc3 Ra3 33. Rxa3 Bxa3 34. Bd2 Rc5 35. Be3 Rxb5 36. f4 Bc5 37. Bc1 Nd4 38. Bb7 Rb1 39.
Rf1 Nb3 0-1

[Event "*** Titled Tuesday Blitz"]
[Site "Chess.com"]
[Date "2020.01.07"]
[Round "6"]
[White "Gabrielian_Artur"]
[Black "vova-79"]
[Result "1-0"]
[WhiteElo "2788"]
[BlackElo "2538"]
[TimeControl "180+2"]
[EndTime "14:23:25 PST"]
[Termination "Gabrielian_Artur won by resignation"]

1. d4 d5 2. c4 c6 3. Nf3 Nf6 4. Nc3 e6 5. g3 dxc4 6. Bg2 b5 7. Ne5 Nd5 8. O-O Bb7 9. a4 a6 10. e4 Nxc3 11. bxc3 Be7 12. Rb1 Qc8 13. Qg4 Bf6 14. Ba3 Nd7 15. f4 h5 16. Qh3 Be7 17.
Bxe7 Kxe7 18. f5 Nf6 19. fxe6 Qxe6 20. Qxe6+ Kxe6 21. Nxc4 h4 22. Na5 Rab8 23. c4 hxg3 24. hxg3 Ba8 25. e5 Ng4 26. Nxc6 Bxc6 27. d5+ Kxe5 28. dxc6 Ne3 29. Rbe1 Kd4 30. Rf4+ Kd3 31. Rf3 Rhe8 32. cxb5 axb5 33. Bh3 Kd2 34. c7 Ra8 35.
Ra1 bxa4 36. Ra2+ Ke1 37. c8=Q Raxc8 38. Bxc8 1-0

[Event "*** Titled Tuesday Blitz"]
[Site "Chess.com"]
[Date "2020.01.07"]
[Round "6"]
[White "JozefKneht"]
[Black "The_Chess_Coach"]
[Result "0-1"]
[WhiteElo "2398"]
[BlackElo "2221"]
[TimeControl "180+2"]
[EndTime "14:23:25 PST"]
[Termination "The_Chess_Coach won by resignation"]

1. d4 Nf6 2. Bf4 g6 3. e3 Bg7 4. Nf3 O-O 5. Be2 c5 6. c3 d5 7.
O-O Nc6 8. Nbd2 b6 9. Qb3 c4 10.
Qd1 Bb7 11. Re1 Nh5 12. Bg3 Nxg3 13. hxg3 e5 14. dxe5 Nxe5 15. Nxe5 Bxe5 16. Nf3 Bg7 17. Nd4 Re8 18. Bf3 Qe7 19. Qd2 Rac8 20. Rad1 h5 21. a4 h4 22. gxh4 Qxh4 23. g3 Qg5 24.
Kg2 Be5 25. Ne2 Rcd8 26. Nf4 Qe7 27. Nxd5 Qc5 28. e4 Kg7 29. Rh1 Rh8 30. Rxh8 Rxh8 31. Rh1 Rxh1 32. Kxh1 Qa5 33. Qd1 Bc6 34. Ne7 Bxa4 35.
Qd8 Qc5 36. Qg8+ Kf6 37. Nd5+ Ke6 38. Qe8+ Bxe8 0-1

[Event "*** Titled Tuesday Blitz"]
[Site "Chess.com"]
[Date "2020.01.07"]
[Round "6"]
[White "szefru"]
[Black "guillembaches"]
[Result "0-1"]
[WhiteElo "2124"]
[BlackElo "2278"]
[TimeControl "180+2"]
[EndTime "14:23:27 PST"]
[Termination "guillembaches won by resignation"]

1. b3 d5 2. Bb2 Bf5 3. g3 e6 4. Bg2 Nf6 5. e3 h6 6. Ne2 Be7 7. O-O O-O 8. d3 c6 9. Nd2 Bh7 10. h3 a5 11. a4 Nbd7 12. f4 Qb6 13.
d4 c5 14. Kh2 Rac8 15. Rc1 c4 16. Nf3 Ne4 17. g4 cxb3 18. cxb3 Bb4 19. Ne5 Nxe5 20. fxe5 Nd2 21. Rf2 Qa6 22. Nf4 Ne4 23. Bxe4 Bxe4 24. h4 b5 25. g5 hxg5 26. hxg5 bxa4 27. Qh5 Rxc1 28. Bxc1 Qc8 29. Bb2 a3 30. Kg3 Be1 31. g6 Bxf2+ 32. Kxf2 fxg6 33. Qh3 axb2 34. Kg3 b1=Q 0-1

[Event "*** Titled Tuesday Blitz"]
[Site "Chess.com"]
[Date "2020.01.07"]
[Round "6"]
[White "chessbia"]
[Black "letantha"]
[Result "1-0"]
[WhiteElo "2190"]
[BlackElo "1797"]
[TimeControl "180+2"]
[EndTime "14:23:30 PST"]
[Termination "chessbia won by checkmate"]

1. Nf3 Nf6 2. e3 e6 3. c4 d5 4. b3 Be7 5. Bb2 O-O 6. Nc3 c5 7. Ne2 Nc6 8. Nf4 d4 9. exd4 cxd4 10. Nd3 e5 11. Nfxe5 Nxe5 12. Nxe5 Re8 13. Nd3 Ba3+ 14. Be2 Bxb2 15. Nxb2 d3 16. Nxd3 Qxd3 17. Kf1 Qd4 18.
Bf3 Bf5 19. h3 h5 20. Bxb7 Rad8 21. Bf3 h4 22. Kg1 Re7 23. Rc1 Rde8 24. Kh2 Qxf2 25.
Rf1 Qg3+ 26. Kh1 Be4 27. d4 Bxf3 28. Qxf3 Qxf3 29. Rxf3 Re1+ 30. Rf1 Rxf1+ 31. Rxf1 Ne4 32. Rc1 Ng3+ 33. Kh2 f5 34. d5 Kf7 35. c5 Ke7 36. b4 Kd7 37. a4 f4 38. b5 Re2 39.
c6+ Kc8 40. d6 f3 41. d7+ Kc7 42. Rg1 f2 43. Rd1 f1=Q 44. d8=Q# 1-0

[Event "*** Titled Tuesday Blitz"]
[Site "Chess.com"]
[Date "2020.01.07"]
[Round "6"]
[White "Kirill_Klukin"]
[Black "albano87"]
[Result "1-0"]
[WhiteElo "2674"]
[BlackElo "2104"]
[TimeControl "180+2"]
[EndTime "14:23:31 PST"]
[Termination "Kirill_Klukin won on time"]

1. d4 d5 2. Nf3 Nf6 3. c4 e6 4. Nc3 Be7 5. Bg5 Nbd7 6. e3 O-O 7. Qc2 b6 8. cxd5 exd5 9. Bd3 Bb7 10. O-O c5 11.
Rfd1 h6 12. Bh4 Ne4 13. Nxd5 Bxd5 14. Bxe4 Bxe4 15. Qxe4 Bxh4 16. Qxh4 Qxh4 17. Nxh4 cxd4 18. Rxd4 Nf6 19. Rad1 Rfc8 20. Nf5 Rc2 21. Rb4 Kf8 22. Nd4 Rc5 23. h3 Rac8 24. Ra4 a5 25. Ra3 Rc1 26. Rd3 g6 27. g3 Ke7 28. Kg2 Ne4 29. Rxc1 Rxc1 30. Rb3 Rd1 31. Kf3 f5 32. g4 Rh1 33.
gxf5 Nd2+ 34. Kg2 1-0

[Event "*** Titled Tuesday Blitz"]
[Site "Chess.com"]
[Date "2020.01.07"]
[Round "6"]
[White "Playgood28"]
[Black "j2806"]
[Result "0-1"]
[WhiteElo "2260"]
[BlackElo "1868"]
[TimeControl "180+2"]
[EndTime "14:23:32 PST"]
[Termination "j2806 won on time"]

1. d4 Nf6 2. c4 e6 3. Nc3 d5 4. Bg5 Be7 5. cxd5 exd5 6. Qc2 Nbd7 7. e3 c6 8. Nf3 Nh5 9. Bxe7 Qxe7 10. O-O-O Nb6 11.
h3 g6 12. g4 Ng7 13. Bd3 Be6 14. Ne5 O-O-O 15. Kb1 f5 16. f4 Kb8 17. Ne2 Nd7 18. g5 Ne8 19. h4 Nd6 20. Ng3 Ne4 21. Nxe4 dxe4 22. Be2 Nxe5 23. dxe5 Qf7 24. b3 Qe7 25. h5 Bf7 26. hxg6 hxg6 27. Rxd8+ Qxd8 28. Rd1 Qe7 29. Bc4 Kc8 0-1

[Event "*** Titled Tuesday Blitz"]
[Site "Chess.com"]
[Date "2020.01.07"]
[Round "6"]
[White "ehrenfeld"]
[Black "Zubrrr"]
[Result "0-1"]
[WhiteElo "2536"]
[BlackElo "2744"]
[TimeControl "180+2"]
[EndTime "14:23:33 PST"]
[Termination "Zubrrr won by resignation"]

1. e4 c5 2. Nf3 d6 3. Bc4 e6 4.
O-O a6 5. Bb3 Nf6 6. Re1 Qc7 7.
c3 c4 8. Bc2 Nbd7 9. b3 b5 10.
a4 Bb7 11. axb5 axb5 12. Rxa8+ Bxa8 13. Na3 cxb3 14. Bxb3 Bxe4 15. Nxb5 Qb7 16. Nbd4 Nc5 17. Bc4 Bd3 18. Ba2 Be7 19. Ba3 Qa6 20. Qc1 O-O 21. Ng5 Ra8 22. Bxc5 Qxa2 23. Bb4 Nd5 24. Ngxe6 fxe6 25. Nxe6 Nxb4 26. cxb4 Bf6 27. Qc6 Qa6 28. b5 Qxc6 29.
bxc6 Rc8 30. Nf4 Bb5 0-1

[Event "*** Titled Tuesday Blitz"]
[Site "Chess.com"]
[Date "2020.01.07"]
[Round "6"]
[White "FearNoEvil12"]
[Black "PawnEatingZombie"]
[Result "0-1"]
[WhiteElo "2042"]
[BlackElo "2295"]
[TimeControl "180+2"]
[EndTime "14:23:35 PST"]
[Termination "PawnEatingZombie won by resignation"]

1. e4 c6 2. d4 d5 3. Nc3 dxe4 4. Nxe4 Bf5 5. Ng3 Bg6 6. Bc4 e6 7. N1e2 Qc7 8. O-O Bd6 9. f4 Ne7 10. Bd3 O-O 11. f5 exf5 12. Nxf5 Nxf5 13. Bxf5 Bxh2+ 14. Kh1 Bd6 15. Bxg6 hxg6 16. Ng1 Nd7 17. Qg4 Nf6 18. Qh4 Nh5 19. Nf3 Bg3 20. Qh3 Qc8 21. c3 Qxh3+ 22.
gxh3 f6 23. Kg2 Rfe8 24. Bd2 Re4 25. Be1 Bd6 26. Bf2 Rae8 27. Rae1 Nf4+ 28. Kh1 Nxh3 29.
Kg2 Nxf2 30. Kxf2 Rxe1 31. Rxe1 Rxe1 32. Nxe1 Kf7 33. Nd3 g5 34. Kf3 f5 35. c4 Ke6 36. b4 g4+ 37. Ke3 Kf6 38. Nf4 Bxf4+ 39. Kxf4 Ke6 40. a4 g5+ 41. Kg3 Kd6 42. a5 a6 43. Kg2 f4 44. Kf2 g3+ 45. Kf3 g4+ 46. Kg2 Ke6 47. Kf1 f3 48. Kg1 g2 49.
Kf2 g3+ 50. Kg1 Kd6 51. d5 cxd5 52. cxd5 f2+ 53. Kxg2 Kxd5 0-1

[Event "*** Titled Tuesday Blitz"]
[Site "Chess.com"]
[Date "2020.01.07"]
[Round "6"]
[White "yy2324"]
[Black "Korchmar_Vasiliy"]
[Result "0-1"]
[WhiteElo "2577"]
[BlackElo "2801"]
[TimeControl "180+2"]
[EndTime "14:23:38 PST"]
[Termination "Korchmar_Vasiliy won on time"]

1. e4 c5 2. Nf3 d6 3. d4 cxd4 4. Nxd4 Nf6 5. Nc3 Nc6 6. Bg5 e6 7. Bb5 Bd7 8. Bxc6 bxc6 9. Qf3 e5 10. Nf5 Rb8 11. O-O-O Bxf5 12. Qxf5 Be7 13. f4 Qb6 14. b3 O-O 15. fxe5 dxe5 16. Qxe5 Rfe8 17. Qf5 Qb4 18. Bd2 Rbd8 19. Qf3 a5 20. Kb1 a4 21. Nd5 Qb7 22.
Nxe7+ Qxe7 23. Bg5 a3 24. Rhe1 Qe5 25. Bxf6 gxf6 26.
c3 Rxd1+ 27. Rxd1 Qxh2 28. Kc2 c5 29. Rd3 Qh1 30. Qg4+ Kf8 31. Rd1 Qh2 32. Rd3 c4 33. Rh3 Qg1 34. Qg3 Rd8 35. Qf3 Qa1 0-1

[Event "*** Titled Tuesday Blitz"]
[Site "Chess.com"]
[Date "2020.01.07"]
[Round "6"]
[White "Moon_stone123"]
[Black "ketster"]
[Result "0-1"]
[WhiteElo "2096"]
[BlackElo "2304"]
[TimeControl "180+2"]
[EndTime "14:23:40 PST"]
[Termination "ketster won by checkmate"]

1. e4 e5 2. Nf3 Nc6 3. Bb5 a6 4. Ba4 Nf6 5. O-O b5 6. Bb3 Be7 7. d4 exd4 8. e5 Ne4 9. Bd5 Nc5 10.
Nxd4 Bb7 11. Nf5 Bf8 12. Nc3 g6 13. Nh6 Ne6 14. Ne4 Bg7 15. Ng4 Rb8 16. Nef6+ Kf8 17. f4 d6 18. Bxe6 fxe6 19. b3 Ne7 20. Bb2 Nf5 21.
Qe2 d5 22. Ne3 c5 23. Nxf5 gxf5 24. a4 b4 25. c3 bxc3 26. Bxc3 d4 27. Be1 Bxf6 28.
exf6 Qxf6 29. Ba5 Rg8 30. g3 Rc8 31. Rfe1 Kf7 32. Rac1 Qh6 33. Bb6 Rxg3+ 34. hxg3 Qh1+ 35. Kf2 Qg2# 0-1